 Dungeon Crawl Stone Soup version 0.31-a0-187-gba352fbbf7 (webtiles) character file.

Game seed: 18268532826726114476

25 qw the Shooter (level 2, -1/16 HPs)
             Began as a Deep Elf Hunter on June 22, 2023.
             Succumbed to an adder's poison
             ... on level 3 of the Dungeon.
             The game lasted 00:00:23 (1251 turns).

qw the Shooter (Deep Elf Hunter)                    Turns: 1251, Time: 00:00:23

Health: -1/16      AC:  5    Str:  8    XL:     2   Next: 86%
Magic:  4/4        EV: 10    Int: 13    God:
Gold:   121        SH:  0    Dex: 18    Spells: 1/1 levels left

rFire   . . .        Y - +0 shortbow
rCold   . . .        (shield currently unavailable)
rNeg    . . .        f - +0 ring mail
rPois   .            (no helmet)
rElec   .            (no cloak)
rCorr   .            (no gloves)
SInv    .            (no boots)
Will    .....        (no amulet)
Stlth   +            (no ring)
HPRegen 0.22/turn    (no ring)
MPRegen 0.09/turn

%: no passive effects
@: lethally poisoned (-1 -> -4)
A: no striking features
a: no special abilities


You were on level 3 of the Dungeon.
You visited 1 branch of the dungeon, and saw 3 of its levels.

You collected 121 gold pieces.


   Skills:
 - Level 1.5 Fighting
 + Level 6.5 Ranged Weapons
 - Level 2.4 Dodging
 - Level 1.2 Stealth


You had one spell level left.
You didn't know any spells.
Your spell library was empty.

Inventory:

Hand Weapons
 Y - a +0 shortbow (weapon)
Armour
 f - a +0 ring mail (worn)
Scrolls
 a - a scroll of identify
Potions
 d - 3 potions of curing
 e - a potion of mutation {unknown}
 h - a potion of enlightenment {unknown}
 i - a potion of degeneration {unknown}

Dungeon Overview and Level Annotations

Branches:
Dungeon (3/15)

Altars:
Hepliaklqana


Message History

An adder comes into view.
Found a glowing moonstone ring.
Found a stone staircase leading up.
The adder hisses angrily.
You shoot an arrow. The arrow misses the adder.
The adder bites you but does no damage.
You shoot an arrow. The arrow barely misses the adder.
The adder barely misses you. The adder bites you but does no damage.
You shoot an arrow. The arrow hits the adder.
The adder is heavily wounded.
The adder bites you. The adder bites you but does no damage.
You shoot an arrow. The arrow misses the adder.
The adder bites you.
You shoot an arrow. The arrow hits the adder.
The adder is heavily wounded.
The adder bites you but does no damage. The adder bites you.
You are poisoned.
The adder poisons you!
You shoot an arrow.
The arrow hits the adder but does no damage.
The adder is heavily wounded.
You feel sick. The adder closely misses you.
You shoot an arrow. The arrow misses the adder.
You feel sick. The adder misses you. The adder barely misses you.
You shoot an arrow. The arrow misses the adder.
You feel sick.
You are no longer poisoned.
The adder bites you.
You shoot an arrow. The arrow closely misses the adder.
The adder barely misses you. The adder bites you.
You are lethally poisoned!
The adder poisons you!
You shoot an arrow.
The arrow hits the adder but does no damage.
The adder is heavily wounded.
You feel sick. The adder bites you but does no damage.
You shoot an arrow. The arrow barely misses the adder.
You feel sick. The adder barely misses you.
The adder bites you but does no damage.
You shoot an arrow. The arrow barely misses the adder.
You die...

#. #. #. ############
#.## # ......<....#
[.# .#
.####%%....####.## ..#
).......##.......#...#
........#.......@....#
...)....#.......#S...#
#(......#.......##=..#
#.......######..# ...#
#.......# ##.# ..#
#..###### #.# .<# #.#
## #.. #.#


You could see an adder.

Vanquished Creatures
  A dart slug (D:3)
  An endoplasm (D:2)
  A giant cockroach (D:3)
  2 goblins
  6 hobgoblins
  3 kobolds (D:2)
  A quokka (D:1)
  A ball python (D:1)
  A bat (D:2)
  3 frilled lizards
  A rat (D:1)
21 creatures vanquished.

Notes
Turn   | Place    | Note
-------+----------+-------------------------------------------
     0 | D:1      | qw the Deep Elf Hunter began the quest for the Orb.
     0 | D:1      | Reached XP level 1. HP: 12/12 MP: 3/3
     0 | D:1      | 0 ||| qw: Version: 0.3-a-9-g12657ce
     0 | D:1      | 0 ||| qw: Game counter: 2139
     0 | D:1      | 0 ||| qw: Always use a shield: true
     0 | D:1      | 0 ||| qw: God list: Okawaru
     0 | D:1      | 0 ||| qw: Allow faded altars: false
     0 | D:1      | 0 ||| qw: Do Orc after D:15 true
     0 | D:1      | 0 ||| qw: Do second Lair branch before Depths: true
     0 | D:1      | 0 ||| qw: Lair rune preference: random
     0 | D:1      | 0 ||| qw: Plans: Normal
     0 | D:1      | 0 ||| PLANNING D:1-11
   449 | D:1      | 449 ||| READING scroll labelled ISATHA KOSINATHOOF.
   450 | D:1      | 450 ||| READING scroll labelled ROYPLEXIUTZ.
   451 | D:1      | 451 ||| READING scroll labelled DEMAPN DAMAU.
   452 | D:1      | 452 ||| DRINKING 3 cyan potions.
   453 | D:1      | 453 ||| DROPPING scroll of butterflies.
   497 | D:2      | Found a hazy altar of Hepliaklqana.
   609 | D:2      | Reached XP level 2. HP: 16/16 MP: 4/4
   637 | D:2      | Reached skill level 6 in Ranged Weapons
  1036 | D:2      | 1036 ||| UPGRADING to +0 ring mail.
  1046 | D:2      | 1046 ||| DROPPING +0 leather armour.
  1047 | D:2      | 1047 ||| READING scroll labelled DUOKKABR QETSI.
  1148 | D:2      | 1148 ||| READING scroll labelled NULECA KYOLLOI.
  1149 | D:2      | 1149 ||| READING scroll labelled ZISOIQ GADUSU.
  1175 | D:3      | 1175 ||| STAIRDANCE
  1247 | D:3      | HP: 4/16 [adder (3)]
  1250 | D:3      | HP: 1/16 [poisoned by an adder]
  1251 | D:3      | Succumbed to an adder's poison

Levels and vault maps discovered:
D:1:      psy_arrival_terrarium, layout_rooms
D:2:      layout_basic, basic_altar, mrwooster_statue_mirror, minmay_unequal
D:3:      layout_rooms, gammafunk_ghost_gnarly_gnolls, uniq_natasha, uniq_robin

Skill      XL: |  1  2 |
---------------+-------+-----
Ranged Weapons | 6 |  6.5
Fighting       | |  1.5
Dodging        | |  2.4
Stealth        | |  1.2

Action                     || total
---------------------------++-------
   Fire: Shortbow          ||    69
    Use: Scroll            ||     6
         Potion            ||     1
 Armour: Leather armour    ||     2
         Ring mail         ||    10
  Dodge: Dodged            ||    17

Table legend:
 A = Non-vault XP
 B = Vault XP
 C = Vault XP percentage of total XP
 D = Non-vault monster count
 E = Vault monster count
 F = Vault count percentage of total count
                 A         B        C        D         E       F
            +---------+---------+-------+---------+---------+-------
      Total |      32 |       5 |  13.5 |      18 |       3 |  14.3
            +---------+---------+-------+---------+---------+-------
        D:1 |       9 |       0 |   0.0 |       6 |       0 |   0.0
        D:2 |      15 |       5 |  25.0 |       9 |       3 |  25.0
        D:3 |       8 |       0 |   0.0 |       3 |       0 |   0.0
            +---------+---------+-------+---------+---------+-------
